 Dungeon Crawl Stone Soup version 0.21.1 (webtiles) character file.

108663 Peloso the Peltast (level 16, -9/148 (149) HPs)
             Began as a Minotaur Fighter on Feb 2, 2018.
             Was the Champion of Okawaru.
             Killed from afar by a merfolk aquamancer (14 damage)
             ... with a torrent of water
             ... on level 2 of the Shoals.
             The game lasted 01:26:39 (24882 turns).

Peloso the Peltast (Minotaur Fighter)              Turns: 24882, Time: 01:26:39

HP:   -9/148 (149)  AC: 38    Str: 42    XL:     16   Next: 3%
MP:   0/25          EV: 11    Int:  5    God:    Okawaru [******]
Gold: 2754          SH:  0    Dex: 14    Spells: 15/15 levels left

rFire    . . .     SeeInvis +   H - +5 scimitar
rCold    . . .     Gourm    +   c - +2 shield {reflect}
rNeg     . . .     Faith    .   P - +7 crystal plate armour "Bapnexkage" {Str+2 SInv}
rPois    +         Spirit   +   v - +4 hat "Qabu" {*Drain MP+9 Str+9 Stlth-}
rElec    .         Reflect  +   Z - scarf {Spirit}
rCorr    .         Harm     .   p - +0 pair of gloves {Dex+3}
MR       +....                  Q - +2 pair of boots {Stlth+}
Stlth    ..........             V - amulet of the gourmand
HPRegen  0.34/turn              O - ring "Kejos" {Str+4 Stlth+}
MPRegen  0.19/turn              u - ring of poison resistance

@: confused, engulfed (cannot breathe), barbed spikes, very slow
A: retaliatory headbutt, horns 2
a: Heroism, Finesse, Renounce Religion


You were on level 2 of the Shoals.
You worshipped Okawaru.
Okawaru was exalted by your worship.
You were completely stuffed.

You visited 5 branches of the dungeon, and saw 25 of its levels.
You also visited: Labyrinth, Sewer and Volcano.

You collected 3730 gold pieces.
You spent 976 gold pieces at shops.

Inventory:

Hand Weapons
 m - the +11 hand crossbow "Axzirupp" {venom, Str+2 Int+5 Dex-5}
   (You bought it in a shop on level 2 of the Orcish Mines)

   It poisons the ammo it fires.
   It affects your strength (+2).
   It affects your intelligence (+5).
   It affects your dexterity (-5).
 n - a +1 scimitar of flaming
 H - a +5 scimitar (weapon)
Armour
 c - a +2 shield of reflection (worn)
 p - a +0 pair of gloves of dexterity (worn)
 r - a +2 hat of see invisible
 v - the +4 hat "Qabu" (worn) {*Drain MP+9 Str+9 Stlth-}
   (You found it on level 3 of the Lair of Beasts)

   It affects your strength (+9).
   It affects your magic capacity (+9).
   It causes draining when unequipped.
   It makes you less stealthy.
 P - the +7 crystal plate armour "Bapnexkage" (worn) {Str+2 SInv}
   (You found it in a labyrinth)

   It affects your strength (+2).
   It lets you see invisible.
 Q - a +2 pair of boots of stealth (worn)
 Z - a scarf of spirit shield (worn)
Jewellery
 q - an uncursed ring of protection from fire
 s - an uncursed amulet of guardian spirit
 u - a ring of poison resistance (right hand)
 y - an uncursed ring of protection from fire
 F - a +5 ring of dexterity
 G - a +5 amulet of reflection
 O - the ring "Kejos" (left hand) {Str+4 Stlth+}
   (You found it in a labyrinth)

   [ring of stealth]

   It affects your strength (+4).
   It makes you more stealthy.
 V - an amulet of the gourmand (around neck)
Wands
 w - a wand of iceblast (6)
 B - a wand of disintegration (15)
 Y - a wand of digging (16)
Scrolls
 b - 2 scrolls of fear
 h - 13 scrolls of identify
 i - 11 scrolls of teleportation
 j - 7 scrolls of blinking
 l - 16 scrolls of remove curse
 t - a scroll of summoning
Potions
 a - a potion of berserk rage
 d - 5 potions of might
 g - 10 potions of curing
 k - 3 potions of heal wounds
 o - 6 potions of haste
 x - 3 potions of resistance
 z - 2 potions of agility
 D - 2 potions of flight
Comestibles
 f - 71 rations
 A - 3 chunks of flesh


   Skills:
 + Level 15.3 Fighting
 + Level 16.6 Long Blades
   Level 1.2 Maces & Flails
 + Level 13.7 Armour
 + Level 5.9 Dodging
 + Level 2.5 Stealth
 + Level 19.2 Shields
 + Level 2.5 Invocations
 + Level 2.4 Evocations


You had 15 spell levels left.
You didn't know any spells.

Dungeon Overview and Level Annotations

Branches:
Dungeon (14/15)            Temple (1/1) D:5            Lair (6/6) D:10
 Shoals (2/4) Lair:3       Spider (0/4) Lair:4        Slime (0/5) Lair:5
    Orc (2/2) D:11            Elf (0/3) Orc:2        Vaults (0/5) D:13

Altars:
Ashenzari
Cheibriados
Dithmenos
Elyvilon
Fedhas
Gozag
Hepliaklqana
Kikubaaqudgha
Makhleb
Nemelex Xobeh
Okawaru
Qazlal
Ru
Sif Muna
Trog
Uskayaw
Vehumet
Wu Jian
Xom
Yredelemnul
Zin
The Shining One
Beogh
Lugonu

Shops:
D:6 :   D:7 (   D:10 }   D:12 [   Orc:2 [*:[(!

Annotations:
D:8 exclusion: statue
D:11 1 runed door


Innate Abilities, Weirdness & Mutations

You reflexively headbutt those who attack you in melee.
You have a pair of horns on your head.


Message History

You feel invigorated.
* * * LOW HITPOINT WARNING * * *
Your lungs strain for air!
The tentacle slaps you but does no damage.
The tentacle misses you.
A tentacle segment bursts forth from the water. x2
The kraken bites you!
* * * LOW HITPOINT WARNING * * *
The manticore bites you but does no damage.
The manticore claws you but does no damage. x2
The tentacle closely misses you. x2; The tentacle slaps you!
* * * LOW HITPOINT WARNING * * *
The water elemental hits you.
The merfolk hits you from afar with a trident!
* * * LOW HITPOINT WARNING * * *
The merfolk hits you but does no damage.
The water elemental hits you.
The merfolk aquamancer points at you and mumbles some strange words.
The torrent of water hits you!
You die...

≈≈≈≈≈..# #...≈≈≈≈≈($...
≈≈≈≈≈..# ≈≈(.≈≈≈≈(.....
≈≈≈≈≈..# .≈.≈≈≈......≈
≈≈≈≈≈≈.# #))≈≈≈.....≈≈
≈≈≈≈≈≈.# ##(≈≈≈≈..≈≈≈≈≈
≈≈≈≈≈≈)####)≈≈≈≈≈≈≈≈≈≈≈≈
..≈≈≈≈≈)(≈≈≈≈≈≈≈mm≈≈≈≈≈≈
...≈≈≈≈≈≈≈≈≈≈≈≈wmE≈.≈≈≈≈
≈(≈..≈≈≈≈≈≈(((≈w@E≈≈≈≈.≈
≈≈(((.......((≈HwX≈≈≈..≈
≈≈≈≈≈......≈≈≈w≈≈≈≈≈≈≈≈≈
≈≈≈≈≈≈≈≈≈≈≈≈≈≈≈≈≈≈≈≈≈≈≈≈
≈≈≈≈≈≈≈≈≈≈≈≈≈≈≈≈≈≈≈≈≈≈≈≈
≈≈≈≈≈≈≈≈≈≈≈≈≈≈≈≈≈≈≈≈≈≈≈≈
≈≈≈≈≈≈≈≈≈≈≈≈≈≈≈≈≈≈≈≈≈≈≈≈
≈≈≈≈≈≈≈≈≈≈≈≈≈≈≈≈≈≈≈≈≈≈≈≈
≈≈≈≈≈≈≈≈≈≈≈≈≈≈≈≈≈≈


You could see a kraken, a merfolk aquamancer, 2 merfolk, a manticore, 4
tentacles and 2 water elementals.

Vanquished Creatures
  Polyphemus (Shoals:2)
  2 orc warlords
  A stone giant (Orc:1)
  Snorg (Orc:2)
  A minotaur (Lab)
  A merfolk impaler (Shoals:1)
  Josephine (Orc:2)
  An ice dragon (Lair:5)
  7 hydras
  2 merfolk avatars
  4 catoblepae
  3 centaur warriors
  An ogre mage (D:13)
  10 two-headed ogres
  7 death yaks
  Urug (Orc:2)
  Nergalle (Orc:2)
  2 orc high priests
  A hell knight (Volcano)
  A salamander mystic (Volcano)
  The ghost of krabocopter the Thaumaturge, a novice GnWn (D:7)
  2 sea snakes (Shoals:1)
  A flayed ghost (D:10)
  An unseen horror (D:13)
  2 orc knights (Orc:2)
  10 ugly things
  5 harpies (Shoals:1)
  2 orc sorcerers
  2 deep elf magi
  5 fauns
  6 manticores
  2 cyclopes
  12 elephants
  4 salamanders (Volcano)
  6 merfolk sirens
  A centaur zombie (D:11)
  3 gargoyles
  A torpor snail (Lair:4)
  A spiny frog (shapeshifter) (D:11)
  A water nymph (Shoals:2)
  3 black mambas
  3 kobold demonologists
  5 spiny frogs
  2 efreet
  3 rime drakes
  7 komodo dragons
  A tengu conjurer (D:11)
  7 polar bears
  8 trolls
  3 hornets
  4 merfolk (Shoals:1)
  4 snapping turtles
  4 blink frogs (Lair:5)
  4 dream sheep (Lair:5)
  8 hippogriffs
  A vampire (D:14)
  Sigmund (D:6)
  2 shadows (D:10)
  2 redbacks (Lair:4)
  12 wraiths
  A water elemental (Shoals:2)
  5 wyverns
  3 fire bats (D:10)
  73 yaks
  2 hungry ghosts
  A vampire mosquito (D:11)
  3 wargs
  2 soldier ants
  An acid dragon (D:14)
  5 water moccasins
  3 porcupines
  3 ice beasts
  29 orc warriors
  3 sky beasts
  4 black bears
  6 phantoms
  2 eyes of draining
  14 ogres
  4 boggarts (Lair:6)
  The ghost of subsebi the Chopper, an amateur DsCK of Xom (D:3)
  14 wolves
  2 necrophages
  15 centaurs
  5 crocodiles
  A big kobold (D:14)
  16 bullfrogs
  2 wyvern skeletons
  A gnoll sergeant (D:9)
  2 scorpions
  7 killer bees
  10 wights
  A howler monkey (D:6)
  An electric eel (Lair:3)
  A bullfrog zombie (D:11)
  6 crimson imps
  A quasit (D:13)
  4 hounds
  10 centaur skeletons
  3 jellies
  22 orc priests
  30 orc wizards
  A bullfrog skeleton (D:11)
  3 iguanas
  9 worker ants
  A killer bee zombie (D:9)
  2 hound zombies (D:6)
  3 hound skeletons
  15 gnolls
  15 adders
  2 river rats (D:4)
  2 shadow imps
  An adder skeleton (D:8)
  2 worms
  4 dart slugs (D:1)
  9 leopard geckos
  89 orcs
  6 ball pythons
  20 bats
  5 giant cockroaches
  8 goblins
  3 hobgoblins
  6 jackals
  7 quokkas
  12 frilled lizards
  12 kobolds
  34 rats
  3 bushes
  A butterfly (Lair:2)
  4 fungi (Lair:1)
  7 plants
806 creatures vanquished.

Vanquished Creatures (others)
  3 centaur warriors
  7 centaurs
  2 orcs
  A fungus (Lair:5)
  7 plants
20 creatures vanquished.

Grand Total: 826 creatures vanquished

Notes
Turn   | Place    | Note
-------+----------+-------------------------------------------
     0 | D:1      | Peloso the Minotaur Fighter began the quest for the Orb.
     0 | D:1      | Reached XP level 1. HP: 19/19 MP: 0/0
    87 | D:1      | Reached XP level 2. HP: 23/27 MP: 1/1
   114 | D:1      | Found a glowing golden altar of the Shining One.
   122 | D:1      | Reached skill level 1 in Dodging
   128 | D:1      | Reached skill level 4 in Shields
   186 | D:1      | Reached XP level 3. HP: 22/33 MP: 2/2
   493 | D:2      | Reached XP level 4. HP: 35/40 MP: 3/3
   518 | D:2      | Found a sacrificial altar of Ru.
   960 | D:2      | Reached XP level 5. HP: 28/47 MP: 4/4
  1419 | D:3      | Noticed subsebi's ghost (amateur DsCK)
  1424 | D:3      | Killed subsebi's ghost
  1424 | D:3      | Reached skill level 5 in Fighting
  1424 | D:3      | Reached XP level 6. HP: 54/56 MP: 5/5
  1661 | D:4      | Found a glowing drain.
  1690 | Sewer    | Entered a sewer
  2112 | D:4      | Reached skill level 5 in Shields
  2756 | D:5      | Entered Level 5 of the Dungeon
  2780 | D:5      | Reached skill level 5 in Armour
  2811 | D:5      | Reached skill level 5 in Long Blades
  2844 | D:5      | Reached XP level 7. HP: 50/61 MP: 6/6
  2849 | D:5      | Found an opulent altar of Gozag.
  2884 | D:5      | Found a sparkling altar of Nemelex Xobeh.
  2923 | D:5      | Found a staircase to the Ecumenical Temple.
  2939 | Temple   | Entered the Ecumenical Temple
  2953 | Temple   | Became a worshipper of Warmaster Okawaru
  3033 | D:5      | Found a basalt altar of Yredelemnul.
  3259 | D:5      | Found a snail-covered altar of Cheibriados.
  3287 | D:5      | Found a white marble altar of Elyvilon.
  3302 | D:5      | Found an ancient bone altar of Kikubaaqudgha.
  3308 | D:5      | Found an ornate altar of the Wu Jian Council.
  3687 | D:6      | Found a blossoming altar of Fedhas.
  3767 | D:6      | Noticed Sigmund
  3770 | D:6      | Found a snail-covered altar of Cheibriados.
  3782 | D:6      | Killed Sigmund
  3782 | D:6      | Reached * piety under Okawaru
  3782 | D:6      | Reached skill level 6 in Shields
  3782 | D:6      | Reached XP level 8. HP: 70/70 MP: 7/7
  3933 | D:6      | Found Tarph's Book Boutique.
  4256 | D:7      | Found Kunnelusm's Weapon Shoppe.
  4369 | D:7      | Found a basalt altar of Yredelemnul.
  4526 | D:7      | Noticed krabocopter's ghost (novice GnWn)
  4586 | D:7      | Killed krabocopter's ghost
  4586 | D:7      | Reached ** piety under Okawaru
  4586 | D:7      | Reached skill level 7 in Shields
  4586 | D:7      | Reached XP level 9. HP: 8/78 MP: 4/8
  4810 | D:7      | Found a bloodstained altar of Trog.
  5120 | D:8      | Reached skill level 1 in Invocations
  5193 | D:8      | Found a radiant altar of Vehumet.
  5333 | D:8      | Reached skill level 1 in Stealth
  5404 | D:8      | Reached *** piety under Okawaru
  5734 | D:8      | Noticed a troll
  5747 | D:8      | Killed a troll
  5747 | D:8      | Reached skill level 10 in Long Blades
  5747 | D:8      | Reached skill level 8 in Shields
  5990 | D:8      | Found a burning altar of Makhleb.
  6086 | D:9      | Found a shattered altar of Ashenzari.
  6417 | D:9      | Noticed a manticore
  6426 | D:9      | Killed a manticore
  6426 | D:9      | Reached **** piety under Okawaru
  6583 | D:9      | Noticed a two-headed ogre
  6592 | D:9      | Killed a two-headed ogre
  6592 | D:9      | Reached ***** piety under Okawaru
  6592 | D:9      | Reached skill level 1 in Evocations
  6592 | D:9      | Reached XP level 10. HP: 58/86 MP: 9/9
  6676 | D:9      | Reached skill level 9 in Shields
  6757 | D:9      | Found a hide-covered altar of Uskayaw.
  6819 | D:9      | Noticed a two-headed ogre
  6823 | D:9      | Killed a two-headed ogre
  6823 | D:9      | Received a gift from Okawaru
  7028 | D:9      | Found a glowing silver altar of Zin.
  7112 | D:10     | Entered Level 10 of the Dungeon
  7189 | D:10     | Noticed a gargoyle
  7198 | D:10     | Killed a gargoyle
  7482 | D:10     | Noticed a two-headed ogre
  7490 | D:10     | Killed a two-headed ogre
  7490 | D:10     | Reached skill level 10 in Shields
  7490 | D:10     | Reached XP level 11. HP: 53/95 MP: 11/11
  7722 | D:10     | Found a sacrificial altar of Ru.
  7730 | D:10     | Found a runed door.
  7744 | D:10     | Found a hazy altar of Hepliaklqana.
  7759 | D:10     | Found a white marble altar of Elyvilon.
  7767 | D:10     | Found a bloodstained altar of Trog.
  7802 | D:10     | Found an opulent altar of Gozag.
  7838 | D:10     | Reached ****** piety under Okawaru
  7918 | D:10     | Found a radiant altar of Vehumet.
  8007 | D:10     | Found a staircase to the Lair.
  8024 | D:10     | Received a gift from Okawaru
  8461 | D:10     | Found Leurhaen's Gadget Boutique.
  8536 | D:10     | Noticed a flayed ghost
  8540 | D:10     | Killed a flayed ghost
  8540 | D:10     | Reached skill level 5 in Dodging
  8540 | D:10     | Reached skill level 11 in Shields
  8590 | D:10     | Got a fine shortbow
  8648 | Lair:1   | Entered Level 1 of the Lair of Beasts
  9131 | Lair:1   | Noticed a five-headed hydra
  9205 | D:11     | Noticed a two-headed ogre
  9216 | D:11     | Killed a two-headed ogre
  9216 | D:11     | Received a gift from Okawaru
  9216 | D:11     | Reached XP level 12. HP: 74/106 MP: 12/12
  9227 | D:11     | Reached skill level 12 in Shields
  9381 | D:11     | Reached skill level 10 in Fighting
  9409 | D:11     | Noticed a seven-headed hydra
  9556 | D:12     | Noticed a two-headed ogre
  9582 | D:12     | Killed a two-headed ogre
  9815 | D:12     | Found Luempise's Armour Shop.
  9879 | D:12     | Reached skill level 10 in Armour
 10827 | D:13     | Noticed an ogre mage
 10843 | D:13     | Noticed a two-headed ogre
 10844 | D:13     | Killed an ogre mage
 10844 | D:13     | Reached skill level 13 in Shields
 10849 | D:13     | Killed a two-headed ogre
 10850 | D:13     | Noticed a two-headed ogre
 10853 | D:13     | Found a gate to the Vaults.
 10859 | D:13     | Killed a two-headed ogre
 10859 | D:13     | Received a gift from Okawaru
 10866 | D:13     | Identified the cursed +1 shortbow of Trial by Ordeal {freeze, Fragile rF+ Dex+4} (You found it on level 10 of the Dungeon)
 10908 | D:13     | Noticed a centaur warrior
 10922 | D:13     | Killed a centaur warrior
 11658 | D:14     | Reached XP level 13. HP: 50/116 MP: 13/13
 11794 | D:14     | Found a labyrinth entrance.
 11820 | D:14     | Reached skill level 14 in Shields
 11824 | Lab      | Entered a labyrinth
 12075 | Lab      | Noticed a minotaur
 12081 | Lab      | Killed a minotaur
 12086 | Lab      | Got a coiled jade ring
 12087 | Lab      | Got a heavily runed crystal plate armour
 12099 | Lab      | Identified the +7 crystal plate armour "Bapnexkage" {Str+2 SInv} (You found it in a labyrinth)
 12102 | Lab      | Got a crystal spear
 12104 | Lab      | Identified the +2 spear "Nuiretal" {pierce, rElec rN++ Str+5} (You found it in a labyrinth)
 12107 | Lab      | Identified the ring "Kejos" {Str+4 Stlth+} (You found it in a labyrinth)
 12318 | D:14     | Received a gift from Okawaru
 12526 | D:14     | Reached skill level 15 in Long Blades
 13241 | D:11     | Found a staircase to the Orcish Mines.
 13289 | D:11     | Reached skill level 15 in Shields
 13456 | D:11     | Got an encrusted morningstar {flame}
 13457 | D:11     | Identified the +10 morningstar of Xapsoneu {flame, rElec Str+4 Int+2 Dex-4} (You took it off a centaur warrior on level 11 of the Dungeon)
 13614 | D:11     | Found a runed door.
 14109 | D:11     | Found a deep blue altar of Sif Muna.
 14243 | D:11     | Reached skill level 1 in Maces & Flails
 14243 | D:11     | Reached XP level 14. HP: 128/128 MP: 14/14
 15521 | Lair:2   | Received a gift from Okawaru
 16342 | Lair:3   | Reached skill level 16 in Shields
 16482 | Lair:3   | Got a smoking hat
 16493 | Lair:3   | Identified the +4 hat "Qabu" {*Drain MP+9 Str+9 Stlth-} (You found it on level 3 of the Lair of Beasts)
 16719 | Lair:3   | Found a staircase to the Shoals.
 17233 | Lair:3   | Got a jewelled war axe
 17234 | Lair:3   | Identified the cursed +3 war axe "Ihuh" {chop, +Rage rPois rF+ rN++} (You found it on level 3 of the Lair of Beasts)
 17412 | Lair:4   | Found a hole to the Spider Nest.
 18108 | Lair:5   | Found a stormy altar of Qazlal.
 18278 | Lair:5   | Received a gift from Okawaru
 18278 | Lair:5   | Reached skill level 17 in Shields
 18524 | Lair:5   | Found a staircase to the Slime Pits.
 19002 | Lair:6   | Entered Level 6 of the Lair of Beasts
 19236 | Lair:6   | Received a gift from Okawaru
 19250 | Lair:6   | Got an ancient buckler {god gift}
 19261 | Lair:6   | Identified the +2 buckler of Salvation {rF+ Slay+2} (Okawaru gifted it to you on level 6 of the Lair of Beasts)
 19694 | Lair:6   | Reached XP level 15. HP: 137/137 MP: 15/15
 20623 | Orc:1    | Entered Level 1 of the Orcish Mines
 20625 | Orc:1    | Noticed an orc warlord
 20646 | Orc:1    | Killed an orc warlord
 20933 | Orc:1    | Found a dark tunnel.
 20942 | Volcano  | Entered a volcano
 21521 | Orc:1    | Reached skill level 18 in Shields
 21608 | Orc:1    | Found a roughly hewn altar of Beogh.
 21774 | Orc:2    | Entered Level 2 of the Orcish Mines
 21934 | Orc:2    | Found Ucsauzyn's Distillery.
 22086 | Orc:2    | Received a gift from Okawaru
 22174 | Orc:2    | Noticed an orc warlord
 22194 | Orc:2    | Paralysed by an orc sorcerer for 2 turns
 22225 | Orc:2    | Killed an orc warlord
 22304 | Orc:2    | Noticed Urug
 22306 | Orc:2    | Noticed Nergalle
 22322 | Orc:2    | Killed Urug
 22335 | Orc:2    | Killed Nergalle
 22588 | Orc:2    | Found a roughly hewn altar of Beogh.
 22795 | Orc:2    | Found Seabb's Antique Armour Shop.
 22816 | Orc:2    | Found Jaqetoc's General Store.
 22844 | Orc:2    | Found Xuirom's Antique Weapon Shop.
 22871 | Orc:2    | Bought a faintly glowing hand crossbow for 348 gold pieces
 22932 | Orc:2    | Found a staircase to the Elven Halls.
 22955 | Orc:2    | Noticed Snorg
 22966 | Orc:2    | Killed Snorg
 22972 | Orc:2    | Found Poak's Armour Shoppe.
 23193 | Orc:2    | Noticed Josephine
 23205 | Orc:2    | Killed Josephine
 23212 | Orc:2    | Received a gift from Okawaru
 23348 | Orc:2    | Found Zyotut's Book Shop.
 23504 | Orc:2    | Identified the +11 hand crossbow "Axzirupp" {venom, Str+2 Int+5 Dex-5} (You bought it in a shop on level 2 of the Orcish Mines)
 23528 | Orc:2    | Bought a pair of runed gloves for 277 gold pieces
 23528 | Orc:2    | Bought an encrusted chain mail for 351 gold pieces
 23541 | Orc:2    | Identified the cursed +0 chain mail "Pusaull" {Regen+} (You bought it in a shop on level 2 of the Orcish Mines)
 23730 | Shoals:1 | Entered Level 1 of the Shoals
 23883 | Shoals:1 | Reached skill level 15 in Fighting
 24441 | Shoals:2 | Noticed Polyphemus
 24492 | Shoals:2 | Killed Polyphemus
 24492 | Shoals:2 | Reached skill level 19 in Shields
 24853 | Shoals:2 | Reached XP level 16. HP: 141/148 MP: 16/16
 24866 | Shoals:2 | Noticed a kraken
 24882 | Shoals:2 | HP: 5/148 [merfolk/trident (6)]
 24882 | Shoals:2 | Killed from afar by a merfolk aquamancer

Skill      XL: |  1  2  3  4  5  6  7  8  9 10 11 12 13 14 15 |
---------------+----------------------------------------------+-----
Dodging        | 1 2 3 4 5 |  5.9
Armour         | 4 5 6 8 9 10 11 12 13 | 13.7
Shields        | 4 5 6 7 8 10 11 13 15 17 19 | 19.2
Fighting       | 4 5 6 7 8 9 11 13 14 15 | 15.3
Long Blades    | 3 4 5 7 9 11 12 14 15 16 | 16.6
Invocations    | 1 2 |  2.5
Stealth        | 1 2 |  2.5
Evocations     | 1 2 |  2.4
Maces & Flails | 1 |  1.2

Action                   |  1- 3 |  4- 6 |  7- 9 | 10-12 | 13-15 | 16-18 || total
-------------------------+-------+-------+-------+-------+-------+-------++-------
Melee: Long sword        |    85 |   218 |   288 |       |       |       ||   591
       Headbutt          |    19 |    40 |    69 |   167 |   466 |     8 ||   769
       Scimitar          |       |       |    29 |   572 |  1336 |    24 ||  1961
       Morningstar       |       |       |       |       |     6 |       ||     6
Invok: Heroism           |       |       |     3 |     5 |     9 |       ||    17
Evoke: Wand              |       |       |     9 |     3 |     7 |       ||    19
  Use: Potion            |       |     1 |     5 |     1 |     1 |     1 ||     9
       Scroll            |       |     8 |     2 |    11 |    19 |       ||    40
 Stab: Petrified         |       |       |       |       |     2 |       ||     2
       Held in net/web   |       |       |       |       |     1 |       ||     1
  Eat: Chunk             |       |     6 |    13 |    17 |    53 |       ||    89
       Ration            |       |       |       |       |     1 |       ||     1
Armor: Scale mail        |    68 |    93 |       |       |       |       ||   161
       Chain mail        |       |     3 |   131 |   110 |    18 |       ||   262
       Crystal plate arm |       |       |       |       |   722 |    38 ||   760
Dodge: Dodged            |    34 |    70 |    89 |   145 |   411 |    21 ||   770
Block: Shield            |    62 |   165 |   178 |   526 |  1367 |    51 ||  2349
       Reflection        |       |       |     1 |    19 |    78 |     9 ||   107
       Rpst.: Long sword |    13 |    16 |    24 |       |       |       ||    53
       Scimitar          |       |       |     1 |    48 |    63 |     3 ||   115
